 Seeded DCSS version 0.30.0-29-ga12c61a403 (webtiles) character file.

Game seed: 14673204648628227727 (custom seed)

1134 McKennaii the Conjurer (level 7, -3/50 HPs)
             Began as a Demigod Conjurer on June 11, 2023.
             Slain by Pikel
             ... wielding a +1 whip of freezing
              (8 damage)
             ... on level 5 of the Dungeon.
             The game lasted 00:04:05 (5737 turns).

McKennaii the Conjurer (Demigod Conjurer)           Turns: 5737, Time: 00:04:05

Health: -3/50      AC:  3    Str:  8    XL:     7   Next: 90%
Magic:  0/18       EV: 12    Int: 28    God:
Gold:   1126       SH:  0    Dex: 12    Spells: 3/16 levels left

rFire   . . .        g - staff of conjuration
rCold   + . .        (no shield)
rNeg    . . .        a - +0 robe
rPois   .            t - +0 helmet
rElec   .            (no cloak)
rCorr   .            (no gloves)
SInv    +            (no boots)
Will    .....        j - amulet of regeneration
Stlth   ++           m - ring of protection from cold
HPRegen 1.08/turn    n - ring of the Endless Heavens {Fly SInv}
MPRegen 0.16/turn

%: no passive effects
@: flying, very slightly contaminated
A: high MP 1, forlorn, divine attributes
a: no special abilities


You were on level 5 of the Dungeon.
You visited 1 branch of the dungeon, and saw 5 of its levels.

You collected 1126 gold pieces.

Inventory:

Missiles
 c - 2 throwing nets
Armour
 a - a +0 robe (worn)
 t - a +0 helmet (worn)
Magical Staves
 g - a staff of conjuration (weapon)
 A - a staff of fire
Jewellery
 j - an amulet of regeneration (around neck)
 m - a ring of protection from cold (left hand)
 n - the ring of the Endless Heavens (right hand) {Fly SInv}
   (You acquired it on level 2 of the Dungeon)

   [ring of flight]

   SInv:      It lets you see invisible.
   Fly:       It grants you flight.
Wands
 y - a wand of light (11)
Scrolls
 d - a scroll of enchant weapon {unknown}
 e - a scroll of enchant armour {unknown}
 h - 8 scrolls of identify {unknown}
 i - 4 scrolls of teleportation {unknown}
 o - 3 scrolls of summoning {unknown}
 v - a scroll of immolation {unknown}
 w - a scroll of noise {unknown}
 x - a scroll of torment {unknown}
 C - a scroll of silence {unknown}
Potions
 b - 2 potions of magic
 f - a potion of might {unknown}
 k - a potion of flight {unknown}
 l - a potion of mutation {unknown}
 p - 2 potions of heal wounds {unknown}
 q - 2 potions of degeneration {unknown}
 r - 2 potions of haste {unknown}
 s - a potion of brilliance {unknown}
 u - a potion of curing {unknown}
 z - a potion of cancellation {unknown}
 B - a potion of lignification {unknown}
 D - 2 potions of ambrosia {unknown}


   Skills:
 - Level 1.7 Dodging
 - Level 1.7 Stealth
 + Level 5.3 Spellcasting
 + Level 6.7 Conjurations
 * Level 3.5 Earth Magic


You had 3 spell levels left.
You knew the following spells:

 Your Spells              Type           Power      Damage    Failure   Level
a - Magic Dart            Conj           100%       1d8       1%          1
b - Searing Ray           Conj           100%       2d8       1%          2
c - Iskenderun's Mystic   Conj/Tloc      39%        2d9       16%         4
d - Iron Shot             Conj/Erth      26%        9d6       77%         6

Your spell library contained the following spells:

 Spells                   Type           Power      Damage    Failure   Level
 Momentum Strike          Conj/Tloc      78%        3d10      2%          2
 Dazzling Flash           Conj/Hex       78%        N/A       4%          3
 Necrotise                Necr           28%        1d5       6%          1
 Blink                    Tloc           14%        N/A       10%         2
 Lesser Beckoning         Tloc           14%        N/A       10%         2
 Scorch                   Fire           14%        2d5       10%         2
 Vampiric Draining        Necr           7%         2d6       19%         3
 Volatile Blastmotes      Fire/Tloc      14%        2d11      19%         3
 Flame Wave               Conj/Fire      39%        2d11      16%         4
 Fulminant Prism          Conj/Hex       19%        3d10      16%         4
 Animate Armour           Summ/Erth      34%        N/A       30%         4
 Lee's Rapid Deconstruct  Erth           13%        3d9*      38%         5
 Passage of Golubria      Tloc           7%         N/A       54%         4
 Agony                    Necr           7%         N/A       87%         5
 Blade Hands              Tmut           3%         N/A       87%         5
 Silence                  Hex/Air        3%         N/A       87%         5
 Summon Cactus Giant      Summ           3%         N/A       100%        6
 Lehudib's Crystal Spear  Conj/Erth      26%        10d7      100%        8


Dungeon Overview and Level Annotations

Branches:
Dungeon (5/15)             Temple (0/1) D:4

Annotations:
D:5 Menkaure, Pikel


Innate Abilities, Weirdness & Mutations

You have an increased reservoir of magic. (+10% MP)
You shall have no god before yourself.
Your divine heritage dramatically boosts your attributes as you level up.


Message History

Pikel is knocked back by the mystic blast.
Unknown command.
Casting: Iskenderun's Mystic Blast (quite dangerous; 16% risk of failure)
Confirm with . or Enter, or press ? or * to list all spells.
Aiming: Searing Ray (safe; 1% risk of failure)
Press: ? - help, Shift-Dir - straight line, f - Pikel
Aim: Pikel, wielding a +1 whip of freezing and wearing a +0 robe (lightly wounded, 79% to hit)
You feel a surge of power!
The searing ray hits Pikel.
Pikel is moderately wounded. (Press . to maintain the ray.)
The searing ray hits Pikel!
Pikel is moderately wounded.
Menkaure gestures wildly while chanting.
Menkaure seems to speed up.
You hit Pikel but do no damage.
Pikel is moderately wounded.
Pikel hits you with a +1 whip of freezing!
Pikel freezes you.
Unknown command.
You barely miss Pikel.
Pikel is moderately wounded.
Pikel hits you with a +1 whip of freezing!
Menkaure calls on the powers of darkness!
Pikel convulses!
Your body is wracked with pain!
* * * LOW HITPOINT WARNING * * *
Unknown command.
Casting: Searing Ray (safe; 1% risk of failure)
Confirm with . or Enter, or press ? or * to list all spells.
The spell is quite dangerous to miscast (16% risk of failure)!
Continue anyway?
Okay, then.
Unknown command.
Casting: Iskenderun's Mystic Blast (quite dangerous; 16% risk of failure)
Confirm with . or Enter, or press ? or * to list all spells.
The spell is quite dangerous to miscast (16% risk of failure)!
Continue anyway?
You feel a surge of power!
You miscast Iskenderun's Mystic Blast.
You are very lightly contaminated with residual magic.
The air around you crackles with energy!
* * * LOW HITPOINT WARNING * * *
Pikel hits you with a +1 whip of freezing!
You die...

.# ##....##....##...##
.#......#...........######
.+......#............#
.##.....##....##.....#
.##.....###+####....##
.##.....# #....##
.##.....##. #.....#
........... #.....#
...............#@....#
.##............#KM..#######
.#########.....#....##....#
.##.....##.....#..........#
...............#.........##
...............#..........#
...............#..........#
...............'..........#
..............##....##...##


You could see Pikel and Menkaure (fast).

Vanquished Creatures
  Sigmund (D:5)
  A water moccasin (D:5)
  An ice beast (D:5)
  4 lemures (D:5)
  2 ogres
  A bullfrog (D:4)
  2 scorpions
  A jelly (D:4)
  2 orc priests
  2 iguanas
  Jessica (D:2)
  A sleepcap (D:5)
  Natasha (thrice) (D:2)
  An orc wizard (D:4)
  2 adders (D:5)
  3 gnolls (D:4)
  An ufetubus (D:5)
  2 dart slugs
  13 orcs
  4 bats
  7 endoplasms
  2 giant cockroaches
  11 goblins
  3 hobgoblins
  9 jackals
  6 kobolds
  2 quokkas (D:2)
  9 ball pythons
  4 frilled lizards
  5 rats
106 creatures vanquished.

Notes
Turn   | Place    | Note
-------+----------+-------------------------------------------
     0 | D:1      | McKennaii the Demigod Conjurer began the quest for the Orb.
     0 | D:1      | Reached XP level 1. HP: 14/14 MP: 5/5
   358 | D:1      | Reached XP level 2. HP: 20/20 MP: 0/7
   434 | D:1      | Learned a level 2 spell: Searing Ray
   616 | D:1      | Reached skill level 4 in Conjurations
  1183 | D:1      | Reached XP level 3. HP: 26/26 MP: 7/9
  1411 | D:2      | Noticed Jessica
  1416 | D:2      | Killed Jessica
  2175 | D:2      | Noticed Natasha
  2180 | D:2      | Killed Natasha
  2181 | D:2      | Reached XP level 4. HP: 23/33 MP: 4/11
  2207 | D:2      | Noticed Natasha
  2210 | D:2      | Killed Natasha
  2476 | D:2      | Identified 3 scrolls of acquirement
  2476 | D:2      | Acquired 909 gold pieces
  2477 | D:2      | Acquired a book of Iron
  2478 | D:2      | Acquired the ring of the Endless Heavens {Fly SInv}
  2485 | D:2      | Learned a level 4 spell: Iskenderun's Mystic Blast
  2663 | D:2      | Noticed Natasha
  2666 | D:2      | Killed Natasha
  2832 | D:3      | Reached skill level 5 in Conjurations
  2832 | D:3      | Reached XP level 5. HP: 38/38 MP: 5/13
  3719 | D:4      | Found a staircase to the Ecumenical Temple.
  4076 | D:4      | Reached XP level 6. HP: 45/45 MP: 7/15
  4606 | D:4      | Reached skill level 6 in Conjurations
  4826 | D:4      | Learned a level 6 spell: Iron Shot
  4843 | D:5      | Entered Level 5 of the Dungeon
  4902 | D:5      | Reached skill level 1 in Earth Magic
  4902 | D:5      | Reached XP level 7. HP: 50/50 MP: 10/17
  5134 | D:5      | Noticed Sigmund
  5139 | D:5      | Killed Sigmund
  5140 | D:5      | Reached skill level 5 in Spellcasting
  5638 | D:5      | Noticed Pikel
  5717 | D:5      | Noticed Menkaure
  5737 | D:5      | Slain by Pikel

Illustrated notes

Levels and vault maps discovered:
D:1:      sevenhm_arrival_forest_fort_small_4, layout_basic,
          hellmonk_ecumenical_altar_lost_god
D:2:      layout_loops_corners, basic_altar, uniq_natasha, uniq_jessica
D:3:      layout_basic, minivault_14
D:4:      layout_basic, minmay_temple_entry_butterflies, st_stairs_2,
          hangedman_abyss_or_decor_slice
D:5:      layout_gridville, uniq_sigmund, uniq_menkaure, uniq_grinder,
          uniq_pikel

Skill      XL: |  1  2  3  4  5  6  7 |
---------------+----------------------+-----
Spellcasting   | 2 3 4 5 |  5.3
Conjurations   | 4 5 6 |  6.7
Earth Magic    | 1 3 |  3.5
Dodging        | |  1.7
Stealth        | |  1.7

Action                     |  1- 3 |  4- 6 |  7- 9 || total
---------------------------+-------+-------+-------++-------
  Melee: Unarmed           |     3 |       |       ||     3
         Punch             |     1 |       |       ||     1
         Staff             |     4 |    12 |     2 ||    18
   Cast: Magic Dart        |    79 |    84 |    55 ||   218
         Searing Ray       |     3 |     9 |    11 ||    23
         Iskenderun's Myst |       |       |     2 ||     2
    Use: Scroll            |       |     3 |       ||     3
 Armour: Robe              |    11 |     5 |     4 ||    20
  Dodge: Dodged            |     8 |    21 |    16 ||    45
